 Dungeon Crawl Stone Soup version 0.21.1-1-g345015fe64 (webtiles) character file.

19 Ivernyr the Charmwright (level 2, -2/22 HPs)
             Began as a Demonspawn Skald on Apr 23, 2018.
             Slain by a worm (11 damage)
             ... on level 2 of the Dungeon.
             The game lasted 00:02:03 (718 turns).

Ivernyr the Charmwright (Demonspawn Skald)           Turns: 718, Time: 00:02:04

Health: -2/22      AC:  4    Str: 11    XL:     2   Next: 55%
Magic:  4/5        EV: 11    Int: 14    God:
Gold:   7          SH:  0    Dex: 12    Spells: 0/5 levels left

rFire    . . .     SeeInvis .   a - +0 falchion
rCold    . . .     Gourm    .   (no shield)
rNeg     . . .     Faith    .   b - +0 leather armour
rPois    .         Spirit   .   (no helmet)
rElec    .         Reflect  .   (no cloak)
rCorr    .         Harm     .   h - +0 pair of gloves (curse)
MR       .....                  (no boots)
Stlth    +.........             (no amulet)
HPRegen  0.07/turn              (no ring)
MPRegen  0.09/turn              (no ring)

@: no status effects
A: rot immunity
a: no special abilities


You were on level 2 of the Dungeon.
You were not hungry.

You visited 1 branch of the dungeon, and saw 2 of its levels.

You collected 7 gold pieces.

Inventory:

Hand Weapons
 a - a +0 falchion (weapon)
Missiles
 g - 3 tomahawks (quivered)
Armour
 b - a +0 leather armour (worn)
 h - a cursed +0 pair of gloves (worn)
Scrolls
 e - a scroll of magic mapping {unknown}
 f - a scroll of teleportation {unknown}
 k - a scroll of identify {unknown}
Potions
 i - a potion of lignification {unknown}
 j - a potion of degeneration {unknown}
 l - a potion of curing {unknown}
Books
 c - a book of Battle

   Spells                             Type                      Level
   a - Infusion                       Charms                       1
   b - Shroud of Golubria             Charms/Translocation         2
   c - Song of Slaying                Charms                       2
   d - Spectral Weapon                Hexes/Charms                 3
   e - Regeneration                   Charms/Necromancy            3
Comestibles
 d - a ration


   Skills:
 + Level 2.2 Fighting
 + Level 2.0 Long Blades
 * Level 1.6 Armour
 - Level 1.7 Dodging
 - Level 2.0 Spellcasting
 + Level 2.9 Charms


You couldn't memorise any spells.
You knew the following spells:

 Your Spells              Type           Power        Failure   Level  Hunger
a - Shroud of Golubria    Chrm/Tloc      #.........   26%         2    ###....
b - Song of Slaying       Chrm           #.......     14%         2    ###....
c - Infusion              Chrm           #...         10%         1    ##.....


Dungeon Overview and Level Annotations

Branches:
Dungeon (2/15)

Altars:


Innate Abilities, Weirdness & Mutations

You are immune to rotting.


Message History

The worm barely misses you.
You riposte.
You barely miss the worm.
The worm is severely wounded.
You hit the worm.
The worm is severely wounded.
The worm misses you.
You barely miss the worm.
The worm is severely wounded.
You hit the worm.
The worm is severely wounded.
The worm barely misses you.
You barely miss the worm.
The worm is severely wounded.
The worm closely misses you.
You riposte.
You hit the worm.
The worm is almost dead.
You hit the worm.
The worm is almost dead.
Your shroud unravels.
The worm bites you!
Ouch! That really hurt!
You die...

....... .......
...<..# ### ......#
### .... ......# #..
..... ......##
#.######...#
.......## #.#...@w.#
....##..###...######
..#####.......#
#.#......##.#..#
.....).##...##.#
...###....### ..#
...# #.#### #...
...# #.# ..## ####
#.# .##


You could see a worm.

Vanquished Creatures
  A leopard gecko (D:2)
  A giant cockroach (D:1)
  4 goblins
  2 hobgoblins (D:1)
  2 ball pythons (D:1)
  2 bats
  A frilled lizard (D:2)
  3 kobolds
  A rat (D:1)
17 creatures vanquished.

Notes
Turn   | Place    | Note
-------+----------+-------------------------------------------
     0 | D:1      | Ivernyr the Demonspawn Skald began the quest for the Orb.
     0 | D:1      | Reached XP level 1. HP: 16/16 MP: 3/3
    77 | D:1      | Reached skill level 1 in Armour
   374 | D:1      | Gained mutation: You are immune to rotting. [demonic ancestry]
   374 | D:1      | Reached XP level 2. HP: 16/22 MP: 5/5
   511 | D:1      | You fall through a shaft!
   667 | D:2      | Learned a level 2 spell: Song of Slaying
   670 | D:2      | Learned a level 2 spell: Shroud of Golubria
   718 | D:2      | Slain by a worm

Skill      XL: |  1  2 |
---------------+-------+-----
Armour         | 1 |  1.6
Long Blades    | 2 |  2.0
Fighting       | |  2.2
Dodging        | |  1.7
Spellcasting   | |  2.0
Charms         | |  2.9

Action                   || total
-------------------------++-------
Melee: Falchion          ||    66
 Cast: Shroud of Golubri ||     1
Armor: Leather armour    ||    26
Dodge: Dodged            ||    55
       Rpst.: Falchion   ||    17
